 Dungeon Crawl Stone Soup version 0.22.1-1-ga44c0e56f4 (webtiles) character file.

2391 Knicklaso the Cleaver (level 9, -8/124 HPs)
             Began as a Minotaur Berserker on Sept 30, 2018.
             Was an Elder of Trog.
             Mangled by Grum
             ... wielding a +1 halberd of pain
              (15 damage)
             ... on level 8 of the Dungeon.
             The game lasted 00:12:37 (6588 turns).

Knicklaso the Cleaver (Minotaur Berserker)          Turns: 6588, Time: 00:12:38

Health: -8/124     AC: 13    Str: 28    XL:     9   Next: 22%
Magic:  8/8        EV:  8    Int:  4    God:    Trog [****..]
Gold:   394        SH:  0    Dex: 12    Spells: 8/8 levels left

rFire    . . .     SeeInvis .   x - +0 battleaxe
rCold    . . .     Gourm    .   (shield currently unavailable)
rNeg     . . .     Faith    .   a - +0 plate armour
rPois    .         Spirit   .   (helmet restricted)
rElec    .         Reflect  .   p - +0 cloak
rCorr    .         Harm     .   w - +0 pair of gloves
MR       ++...                  (no boots)
Stlth    ..........             (no amulet)
HPRegen  1.30/turn              (no ring)
MPRegen  0.11/turn              (no ring)

@: berserking, regenerating, very quick
A: retaliatory headbutt, horns 2
a: Berserk, Trog's Hand, Brothers in Arms, Renounce Religion


You were on level 8 of the Dungeon.
You worshipped Trog.
Trog was greatly pleased with you.
You were very hungry.

You visited 1 branch of the dungeon, and saw 8 of its levels.

You collected 394 gold pieces.

Inventory:

Hand Weapons
 x - a +0 battleaxe (weapon)
Armour
 a - a +0 plate armour (worn)
 p - a +0 cloak (worn)
 w - a +0 pair of gloves (worn)
 z - the +3 leather armour of the Failed Coup {Regen+ Str-4 Dex+7 SInv, unknown}
   (You found it on level 6 of the Dungeon)

   It affects your strength (-4).
   It affects your dexterity (+7).
   It lets you see invisible.
   It increases your rate of regeneration.
Jewellery
 h - an uncursed ring of fire {unknown}
 q - an uncursed ring of protection from fire {unknown}
 t - an uncursed ring of protection from fire {unknown}
 v - a +4 ring of intelligence {unknown}
 E - a cursed +4 ring of strength {unknown}
Wands
 y - a wand of disintegration (20)
 A - a wand of polymorph (17)
 B - a wand of clouds (13)
Scrolls
 b - 5 scrolls of enchant weapon {unknown}
 d - 8 scrolls of identify {unknown}
 e - a scroll of fog {unknown}
 f - 4 scrolls of teleportation {unknown}
 g - 5 scrolls of remove curse {unknown}
 i - a scroll of enchant armour {unknown}
 k - a scroll of blinking {unknown}
 o - 2 scrolls of magic mapping {unknown}
 r - 2 scrolls of immolation {unknown}
 s - a scroll of noise {unknown}
 u - a scroll of vulnerability {unknown}
Potions
 j - a potion of agility {unknown}
 l - 2 potions of degeneration {unknown}
 m - a potion of might
 n - a potion of brilliance {unknown}
 C - a potion of flight {unknown}
Comestibles
 c - 17 rations


   Skills:
 + Level 9.3 Fighting
 * Level 12.3 Axes
 - Level 2.4 Armour
 - Level 2.1 Dodging


You had 8 spell levels left.
You didn't know any spells.
Your spell library was empty.

Dungeon Overview and Level Annotations

Branches:
Dungeon (8/15)             Temple (0/1) D:4
   Lair: D:8-11

Altars:
Elyvilon

Shops:
D:4 (

Annotations:
D:4 2 runed doors, Zarkath's ghost, amateur CeIE
D:6 3 runed doors, patcoet's ghost, novice DEVM
D:8 Grum


Innate Abilities, Weirdness & Mutations

You reflexively headbutt those who attack you in melee.
You have a pair of horns on your head.


Message History

* * * LOW HITPOINT WARNING * * *
A red film seems to cover your vision as you go berserk!
You feel yourself moving faster!
You feel mighty!
You are feeling very hungry.
The wolf bites you.
* * * LOW HITPOINT WARNING * * *
Grum hits you from afar with a halberd of pain!
* * * LOW HITPOINT WARNING * * *
The wolf bites you.
* * * LOW HITPOINT WARNING * * *
You closely miss the wolf.
The wolf is moderately wounded.
The wolf bites you.
* * * LOW HITPOINT WARNING * * *
You slash the wolf! Your headbutt misses the wolf.
The wolf is almost dead.
The wolf bites you.
* * * LOW HITPOINT WARNING * * *
Grum hits you from afar with a halberd of pain!
You die...

............##.####.#
######..###.........#
#..# ####.######
#..######.#
#.........# .#
#.######### .# #.# .#
#.# ########## .# #.#
#..)..@h.# .#
#>####.######g# .#
##.#........##.# .#
##....##........#
.###.....######.####
......(..# #.#
######.### #.# #.#
#g# #.# ###.######


You could see Grum and a wolf.

Vanquished Creatures
  Eustachio (D:6)
  Edmund (D:4)
  Purgy (D:4)
  2 orc warriors
  2 sky beasts
  A phantom (D:7)
  A wolf (D:8)
  Blork the orc (D:6)
  A scorpion (D:5)
  5 wights (D:6)
  2 howler monkeys
  A bullfrog zombie (D:6)
  2 centaur zombies (D:7)
  2 quasits
  5 orc priests
  A centaur skeleton (D:6)
  2 iguanas
  2 jellies
  9 orc wizards
  4 worker ants
  A hound zombie (D:7)
  A howler monkey zombie (D:5)
  4 gnolls (D:5)
  A howler monkey skeleton (D:6)
  11 adders
  3 shadow imps
  An ooze (D:4)
  3 worms
  2 dart slugs
  2 leopard geckos
  24 orcs
  A ball python (D:3)
  14 bats
  6 giant cockroaches
  16 goblins
  5 hobgoblins
  3 jackals (D:1)
  8 kobolds
  A quokka (D:2)
  8 frilled lizards
  2 quokka zombies
  10 rats
173 creatures vanquished.

Notes
Turn   | Place    | Note
-------+----------+-------------------------------------------
     0 | D:1      | Knicklaso the Minotaur Berserker began the quest for the
                  | Orb.
     0 | D:1      | Reached XP level 1. HP: 19/19 MP: 0/0
    84 | D:1      | HP: 1/20 [kobold (3)]
    85 | D:1      | Reached skill level 4 in Axes
    97 | D:1      | HP: 1/20 [jackal (1)]
    99 | D:1      | Reached XP level 2. HP: 1/27 MP: 1/1
   544 | D:1      | Reached ** piety under Trog
   658 | D:1      | Reached XP level 3. HP: 29/33 MP: 2/2
  1066 | D:2      | Reached skill level 5 in Axes
  1227 | D:2      | Reached XP level 4. HP: 25/41 MP: 3/3
  1746 | D:3      | Reached *** piety under Trog
  1759 | D:3      | Reached skill level 6 in Axes
  1759 | D:3      | Reached XP level 5. HP: 28/47 MP: 4/4
  1908 | D:3      | Reached skill level 5 in Fighting
  2228 | D:4      | Noticed Purgy
  2238 | D:4      | Killed Purgy
  2238 | D:4      | Reached skill level 7 in Axes
  2238 | D:4      | Reached XP level 6. HP: 41/56 MP: 5/5
  2338 | D:4      | Found a large runed door.
  2341 | D:4      | Found a large runed door.
  2343 | D:4      | Noticed Zarkath's ghost (amateur CeIE)
  2576 | D:4      | Found Reguih's Weapon Boutique.
  2670 | D:4      | Noticed Edmund
  2681 | D:4      | Killed Edmund
  2836 | D:4      | Found a staircase to the Ecumenical Temple.
  2966 | D:5      | Entered Level 5 of the Dungeon
  3126 | D:5      | Found a white marble altar of Elyvilon.
  3130 | D:5      | Reached skill level 8 in Axes
  3205 | D:5      | Reached XP level 7. HP: 57/63 MP: 6/6
  3749 | D:6      | Found a runed gate.
  3754 | D:6      | Reached skill level 9 in Axes
  3764 | D:6      | Noticed patcoet's ghost (novice DEVM)
  3811 | D:6      | Noticed Blork the orc
  3822 | D:6      | Killed Blork the orc
  3862 | D:6      | Reached **** piety under Trog
  3893 | D:6      | Noticed Eustachio
  3923 | D:6      | Killed Eustachio
  3923 | D:6      | Reached XP level 8. HP: 64/73 MP: 7/7
  4139 | D:6      | Reached skill level 10 in Axes
  4412 | D:6      | Found a runed gate.
  4412 | D:6      | Found a runed gate.
  4526 | D:6      | Reached skill level 11 in Axes
  4534 | D:6      | Got an encrusted leather armour
  5215 | D:7      | Reached XP level 9. HP: 40/82 MP: 8/8
  5455 | D:7      | Reached skill level 12 in Axes
  6527 | D:8      | Noticed Grum
  6588 | D:8      | Mangled by Grum

Skill      XL: |  1  2  3  4  5  6  7  8  9 |
---------------+----------------------------+-----
Axes           | 4 5 6 7 8 9 11 12 | 12.3
Fighting       | 4 5 6 7 8 9 |  9.3
Armour         | |  2.4
Dodging        | |  2.1

Action                   |  1- 3 |  4- 6 |  7- 9 || total
-------------------------+-------+-------+-------++-------
Melee: Hand axe          |    90 |   111 |       ||   201
       Headbutt          |    13 |    22 |    55 ||    90
       War axe           |       |    11 |   195 ||   206
       Battleaxe         |       |       |   102 ||   102
Invok: Berserk           |     1 |     3 |     1 ||     5
       Trog's Hand       |       |       |     2 ||     2
  Eat: Chunk             |     1 |    10 |    11 ||    22
Armor: Animal skin       |    15 |       |       ||    15
       Ring mail         |    23 |     2 |       ||    25
       Chain mail        |       |    42 |       ||    42
       Plate armour      |       |     2 |   196 ||   198
Dodge: Dodged            |    63 |    65 |   119 ||   247
